 Dungeon Crawl Stone Soup version 0.29-a0-598-gd8304a5bf4 (webtiles) character file.

Game seed: 17575647394813360399

36 pokeman the Magician (level 3, -6/20 HPs)
             Began as a Deep Elf Hedge Wizard on June 15, 2022.
             Mangled by Sigmund
             ... wielding a +0 scythe
              (8 damage)
             ... on level 2 of the Dungeon.
             The game lasted 00:02:46 (1676 turns).

pokeman the Magician (Deep Elf Hedge Wizard)        Turns: 1676, Time: 00:02:46

Health: -6/20      AC:  3    Str:  7    XL:     3   Next: 19%
Magic:  2/11       EV: 11    Int: 20    God:
Gold:   76         SH:  0    Dex: 14    Spells: 1/12 levels left

rFire   . . .      SeeInvis .   e - +0 mace
rCold   . . .      Faith    .   (no shield)
rNeg    . . .      Spirit   .   i - +0 leather armour
rPois   .          Reflect  .   c - +0 hat
rElec   .          Harm     .   (no cloak)
rCorr   .          Rampage  .   (no gloves)
Will    .....                   (no boots)
Stlth   ++........              (no amulet)
HPRegen 0.06/turn               (no ring)
MPRegen 0.12/turn               (no ring)

@: very slightly contaminated
A: no striking features
a: no special abilities


You were on level 2 of the Dungeon.
You visited 1 branch of the dungeon, and saw 2 of its levels.

You collected 76 gold pieces.

Inventory:

Hand Weapons
 e - a +0 mace (weapon)
Armour
 c - a +0 hat (worn)
 i - a +0 leather armour (worn)
Scrolls
 a - a scroll of immolation {unknown}
 h - 2 scrolls of identify {unknown}
Potions
 d - a potion of magic
 f - a potion of flight {unknown}
 g - 2 potions of heal wounds {unknown}


   Skills:
 + Level 0.8 Fighting
 + Level 0.8 Armour
 - Level 2.4 Dodging
 - Level 2.4 Stealth
 * Level 5.1 Spellcasting
 + Level 1.7 Conjurations
 - Level 1.1 Summonings
 - Level 1.1 Translocations


You had one spell level left.
You knew the following spells:

 Your Spells              Type           Power      Damage    Failure   Level
a - Magic Dart            Conj           48%        1d5       9%          1
b - Mephitic Cloud        Conj/Pois/Air  7%         N/A       36%         3
c - Call Imp              Summ           9%         N/A       16%         2
d - Blink                 Tloc           18%        N/A       16%         2
e - Conjure Flame         Conj/Fire      8%         6-21      34%         3

Your spell library contained the following spells:

 Spells                   Type           Power      Damage    Failure   Level
 Slow                     Hex            20%        N/A       17%         1


Dungeon Overview and Level Annotations

Branches:
Dungeon (2/15)

Altars:

Annotations:
D:2 Sigmund


Message History

Confirm with . or Enter, or press ? or * to list all spells.
The spell is potentially lethal to miscast (34% risk of failure)!
Continue anyway?
The fire begins to smoulder!
Sigmund's eyes start glowing with a red light.
The fire ignites!
Sigmund gestures wildly while chanting.
Sigmund flickers and vanishes!
Deactivating autopickup; reactivate with Ctrl-A.
Casting: Conjure Flame (potentially lethal; 34% risk of failure)
Confirm with . or Enter, or press ? or * to list all spells.
You can't see any susceptible monsters within range! (Use Z to cast anyway.)
There is a strange disturbance nearby!
There is a strange disturbance nearby!
Casting: Conjure Flame (potentially lethal; 34% risk of failure)
Confirm with . or Enter, or press ? or * to list all spells.
The spell is potentially lethal to miscast (36% risk of failure)!
Continue anyway?
Aiming: Mephitic Cloud (potentially lethal; 36% risk of failure)
Press: ? - help, Shift-Dir - straight line The ball explodes into a vile cloud!
The stinking cloud engulfs something but does no damage.
You hear an angry hiss.
Casting: Mephitic Cloud (potentially lethal; 36% risk of failure)
Confirm with . or Enter, or press ? or * to list all spells.
The spell is potentially lethal to miscast (34% risk of failure)!
Continue anyway?
You miscast Conjure Flame.
You are very lightly contaminated with residual magic.
Nothing appears to happen.
Casting: Conjure Flame (potentially lethal; 34% risk of failure)
Confirm with . or Enter, or press ? or * to list all spells.
The spell is potentially lethal to miscast (34% risk of failure)!
Continue anyway?
You miscast Conjure Flame.
Nothing appears to happen.
Something shouts, "What's happening?!"
Something hits you!
You hit something but do no damage. Something hits you!
Ouch! That really hurt!
* * * LOW HITPOINT WARNING * * *
You hit something.
Something mumbles something.
Something hits you!
You die...

#### ###########..#####
#..........@..[.<# .
#.#########..##### ...
#.# #..#
##..#.#########).#####.
#......................
#..##........P....####.
.>...........≈≈.........
#...##...P.P.≈≈≈..P####.#
#..
#...♣$..≈≈≈≈......#.##


There were no monsters in sight!

Vanquished Creatures
  5 bats (D:1)
  4 endoplasms
  2 giant cockroaches (D:1)
  5 goblins (D:1)
  3 hobgoblins
  3 kobolds (D:1)
  5 ball pythons
  2 frilled lizards (D:1)
  A rat (D:1)
30 creatures vanquished.

Notes
Turn   | Place    | Note
-------+----------+-------------------------------------------
     0 | D:1      | pokeman the Deep Elf Hedge Wizard began the quest for the
                  | Orb.
     0 | D:1      | Reached XP level 1. HP: 10/10 MP: 7/7
   312 | D:1      | Reached XP level 2. HP: 11/15 MP: 3/9
   685 | D:1      | Reached skill level 5 in Spellcasting
   944 | D:1      | Reached XP level 3. HP: 20/20 MP: 4/11
   948 | D:1      | Learned a level 3 spell: Mephitic Cloud
   951 | D:1      | Learned a level 2 spell: Call Imp
   954 | D:1      | Learned a level 2 spell: Blink
   958 | D:1      | Learned a level 3 spell: Conjure Flame
  1274 | D:2      | Noticed Sigmund
  1674 | D:2      | HP: 1/20 [something (10)]
  1676 | D:2      | Mangled by Sigmund

Illustrated notes

Levels and vault maps discovered:
D:1:      wander_arrival_peaceful_grave, layout_basic
D:2:      layout_basic, basic_altar, guppyfry_early_lair_pool, uniq_sigmund

Skill      XL: |  1  2 |
---------------+-------+-----
Spellcasting   | 5 |  5.1
Fighting       | |  0.8
Armour         | |  0.8
Dodging        | |  2.4
Stealth        | |  2.4
Conjurations   | |  1.7
Summonings     | |  1.1
Translocations | |  1.1

Action                   || total
-------------------------++-------
Melee: Mace              ||    14
 Cast: Magic Dart        ||    65
       Conjure Flame     ||     3
       Mephitic Cloud    ||     2
Armor: Robe              ||     3
Dodge: Dodged            ||    19

Table legend: (Time is in decaauts)
 A = Elapsed time spent in this place.
 B = Non-inter-level travel time spent in this place.
 C = Inter-level travel time spent in this place.
 D = Time resting spent in this place.
 E = Time spent auto-exploring this place.
 F = Levels seen in this place.
 G = Mean time per level.
                   A        B        C        D        E       F      G
               +--------+--------+--------+--------+--------+-----+--------+
         Total |   1682 |   1653 |     29 |    290 |   1086 |   2 |  841.0 |
       Dungeon |   1682 |   1653 |     29 |    290 |   1086 |   2 |  841.0 |
               +--------+--------+--------+--------+--------+-----+--------+

Top non-repeatable levels by time:
     D:1: 1438 daAuts
     D:2: 243 daAuts
